 Dungeon Crawl Stone Soup version 0.16.0-16-g311141a (console) character file.

476 gw the Grave Robber (level 6, 0/36 HPs)
             Began as a Deep Elf Necromancer on Mar 20, 2015.
             Slain by Grinder (6 damage)
             ... on level 4 of the Dungeon.
             The game lasted 00:05:28 (7408 turns).

gw the Grave Robber (Deep Elf Necromancer)          Turns: 7408, Time: 00:05:29

Health: 0/36       AC:  4    Str:  5    XL:     6   Next: 84%
Magic:  22/22      EV: 12    Int: 19    God:
Gold:   127        SH:  0    Dex: 15    Spells: 6 memorised, 1 level left

rFire  . . .     SeeInvis .     a - +0 short sword
rCold  . . .     Clarity  .     e - +0 leather armour
rNeg   + . .     SustAb   .     (no shield)
rPois  .         Gourm    .     p - +0 helmet (curse)
rElec  .         Spirit   .     (no cloak)
rCorr  .         Warding  .     (no gloves)
rMut   .         Stasis   .     (no boots)
MR     .....                    (no amulet)
Stlth  ++........               l - -3 ring of intelligence (curse)
                                m - ring of positive energy

@: not resistant to hostile enchantments, unstealthy
A: no striking features
a: no special abilities


You were on level 4 of the Dungeon.
You were not hungry.

You visited 1 branch of the dungeon, and saw 4 of its levels.

You collected 127 gold pieces.

Inventory:

Hand weapons
 a - a +0 short sword (weapon)
Missiles
 h - 43 arrows
Armour
 e - a +0 leather armour (worn)
 p - a cursed +0 helmet (worn)
Jewellery
 l - a cursed -3 ring of intelligence (right hand)
 m - a ring of positive energy (left hand)
Magical devices
 n - a wand of lightning (0)
Scrolls
 g - a scroll of remove curse
 j - 3 scrolls of identify
Books
 b - a book of Necromancy

   Spells                             Type                      Level
   a - Pain                           Necromancy                   1
   b - Animate Skeleton               Necromancy                   1
   c - Vampiric Draining              Necromancy                   3
   d - Regeneration                   Charms/Necromancy            3
   e - Animate Dead                   Necromancy                   4
   f - Control Undead                 Necromancy                   4
Comestibles
 c - 3 bread rations
 d - a slice of pizza
 i - 4 fruits
 k - a chunk of flesh
 o - 4 meat rations
 q - a beef jerky
 r - a royal jelly


   Skills:
 + Level 2.4 Fighting
 + Level 2.3 Armour
 - Level 2.4 Dodging
 - Level 2.4 Stealth
 * Level 6.3 Spellcasting
 + Level 6.4 Necromancy


You had one spell level left.
You knew the following spells:

 Your Spells              Type           Power        Failure   Level  Hunger
a - Pain                  Necr           ####         1%          1    None
b - Animate Skeleton      Necr           N/A          1%          1    None
c - Vampiric Draining     Necr           ####......   4%          3    ##.....
d - Regeneration          Chrm/Necr      ###.......   17%         3    ##.....
e - Animate Dead          Necr           N/A          17%         4    ####...
f - Control Undead        Necr           ####......   17%         4    ####...


Dungeon Overview and Level Annotations

Branches:
Dungeon (4/15)
 Temple: D:4-7

Altars:
Dithmenos
Elyvilon
Fedhas
Makhleb
Trog
Vehumet
Yredelemnul

Annotations:
D:4 Grinder


Message History

Unknown command.
Unknown command.
ATTACK MOVE TO (0,1) Grinder says, "Wait up."
Grinder hits you!
Unknown command.
Unknown command.
Unknown command.
Unknown command.
Casting: Pain
Confirm with . or Enter, or press ? or * to list all spells.
Aiming: Vampiric Draining
Press: ? - help, Shift-Dir - straight line, f - Grinder
Aim: Grinder (heavily wounded, unusually resistant) Draining that being is not a good idea.
ATTACK MOVE TO (0,1)
You hit Grinder but do no damage.
Grinder is heavily wounded.
Grinder hits you.
You die...

#### #.# ## ..### ... ..
#... #.# #. #..# #.# #.
#####..# #.# #.
###...../###### #.# ##.
....###.......####.###..
... #)#####........)..
#.###e##########.###.#
#....5............##.#
#######..#.#########......
#...(((<....)..######.##.#
#...####).#..._......####.#
... #...._........# #.# #
#.............####..
#..._..}.._......#..
.....................


You could see Grinder.

Table legend:
 A = Turns spent in this place as a percentage of turns spent in the entire game.
 B = Non-inter-level travel turns spent in this place as a percentage of non-inter-level travel turns spent in the entire game.
 C = Inter-level travel turns spent in this place as a percentage of turns spent in this place.
 D = Turns resting spent in this place as a percentage of non-inter-level travel turns spent in this place.
 E = Turns spent auto-exploring this place as a percentage of non-inter-level travel turns spent in this place.
 F = Non-inter-level travel turns spent in this place divided by the number of levels of this place that you've seen.
                   A       B       C       D       E      F
               +-------+-------+-------+-------+-------+----------------------
         Total | 100.0 | 100.0 |   1.0 |   6.0 |   2.2 | 1707.5
       Dungeon | 100.0 | 100.0 |   1.0 |   6.0 |   2.2 | 1707.5
               +-------+-------+-------+-------+-------+----------------------

Table legend:
 A = Kills in this place as a percentage of kills in entire the game.
 B = Kills by you in this place as a percentage of kills by you in the entire game.
 C = Kills by friends in this place as a percentage of kills by friends in the entire game.
 D = Other kills in this place as a percentage of other kills in the entire game.
 E = Experience gained in this place as a percentage of experience gained in the entire game.
 F = Experience gained in this place divided by the number of levels of this place that you have seen.
                   A       B       C       D       E      F
               +-------+-------+-------+-------+-------+----------------------
         Total | 100.0 | 100.0 | 100.0 |  -nan | 100.0 | 170.0
       Dungeon | 100.0 | 100.0 | 100.0 |  -nan | 100.0 | 170.0
               +-------+-------+-------+-------+-------+----------------------

Vanquished Creatures
  Menkaure (D:4)
  An ogre (D:4)
  The ghost of gw the Ruffian, a weakling VSMo of Yredelemnul (D:3)
  An orc wizard (D:3)
  Ijyb (D:2)
  Robin (D:2)
  3 gnolls (D:2)
  3 adders
  2 giant mites (D:2)
  A giant gecko (D:2)
  2 oozes
  5 orcs
  13 hobgoblins
  4 jackals
  4 quokkas
  13 bats
  4 giant cockroaches
  A giant gecko skeleton (D:4)
  2 giant newts
  13 goblins
  10 kobolds
  27 rats
113 creatures vanquished.

Vanquished Creatures (collateral kills)
  An ooze (D:3)
  2 bats (D:1)
  2 goblins
  3 hobgoblins
  A kobold (D:1)
  A quokka (D:2)
  A giant newt (D:1)
  2 rats
13 creatures vanquished.

Vanquished Creatures (others)
  2 bat skeletons
  A bat zombie (D:3)
  3 goblin skeletons (D:1)
  A goblin zombie (D:4)
  A jackal skeleton (D:1)
  A rat zombie (D:3)
9 creatures vanquished.

Grand Total: 135 creatures vanquished

Notes
Turn   | Place    | Note
--------------------------------------------------------------
     0 | D:1      | gw, the Deep Elf Necromancer, began the quest for the Orb.
     0 | D:1      | Reached XP level 1. HP: 10/10 MP: 5/5
     2 | D:1      | Learned a level 1 spell: Animate Skeleton
   614 | D:1      | Reached XP level 2. HP: 13/16 MP: 6/8
  1785 | D:1      | Reached skill level 5 in Necromancy
  1831 | D:1      | Reached XP level 3. HP: 3/20 MP: 0/11
  2243 | D:1      | Learned a level 3 spell: Vampiric Draining
  2247 | D:1      | Learned a level 3 spell: Regeneration
  2307 | D:1      | Reached skill level 1 in Fighting
  2777 | D:2      | Noticed Ijyb
  2785 | D:2      | Killed Ijyb
  2785 | D:2      | Reached skill level 1 in Armour
  3237 | D:2      | Reached XP level 4. HP: 22/25 MP: 11/15
  3303 | D:2      | Learned a level 4 spell: Animate Dead
  4229 | D:2      | Noticed Robin
  4238 | D:2      | Killed Robin
  4238 | D:2      | Reached skill level 5 in Spellcasting
  4238 | D:2      | Reached XP level 5. HP: 10/29 MP: 2/19
  5615 | D:3      | Noticed gw's ghost (weakling VSMo)
  5631 | D:3      | Killed gw's ghost
  6732 | D:3      | Reached XP level 6. HP: 9/35 MP: 6/21
  7013 | D:3      | Learned a level 4 spell: Control Undead
  7081 | D:3      | Learned a level 1 spell: Pain
  7124 | D:4      | Found a white marble altar of Elyvilon.
  7124 | D:4      | Found a blossoming altar of Fedhas.
  7124 | D:4      | Found a bloodstained altar of Trog.
  7125 | D:4      | Found a shadowy altar of Dithmenos.
  7134 | D:4      | Reached skill level 6 in Spellcasting
  7249 | D:4      | Found a radiant altar of Vehumet.
  7249 | D:4      | Found a basalt altar of Yredelemnul.
  7250 | D:4      | Found a burning altar of Makhleb.
  7275 | D:4      | Noticed Menkaure
  7279 | D:4      | Killed Menkaure
  7368 | D:4      | Noticed Grinder
  7380 | D:4      | Paralysed by Grinder for 6 turns
  7389 | D:4      | Paralysed by Grinder for 6 turns
  7408 | D:4      | Slain by Grinder

Action                   |  1- 3 |  4- 6 || total
-------------------------+-------+-------++-------
Melee: Short sword       |       |    31 ||    31
 Cast: Pain              |   108 |   152 ||   260
       Animate Skeleton  |    17 |     1 ||    18
       Animate Dead      |       |    14 ||    14
       Vampiric Draining |       |     3 ||     3
Evoke: Wand              |       |     6 ||     6
  Use: Scroll            |     3 |     2 ||     5
       Potion            |     2 |     4 ||     6
 Stab: Distracted        |       |     1 ||     1
  Eat: Chunk             |     7 |    15 ||    22

Vault maps used:
D:1:      minmay_arrival_four_loops
D:2:      first_bread, uniq_robin, uniq_iyjb
D:3:      minmay_rat_hole
D:4:      grunt_temple_overflow_open, temple_fountains, uniq_sigmund,
          uniq_edmund, uniq_grinder, uniq_menkaure, uniq_pikel
